 Dungeon Crawl Stone Soup version bcrawl-1.27.6 (webtiles) character file.

Game seed: 4181963583114410788

450112 Faustar the Bludgeoner (level 18, -16/135 HPs)
             Began as a Formicid Abyssal Knight on Sept 12, 2020.
             Was a Priest of Lugonu.
             Shot with an arrow by a satyr (24 damage)
             ... on level 2 of the Shoals on Sept 13, 2020.
             The game lasted 01:58:12 (35350 turns).

Faustar the Bludgeoner (Formicid Abyssal Knight)   Turns: 35350, Time: 01:58:13

Health: -16/135    AC: 25    Str: 25    XL:     18   Next: 53%
Magic:  28/28      EV: 10    Int: 12    God:    Lugonu [***...]
Gold:   1764       SH:  8    Dex: 13    Spells: 17/17 levels left

rFire    . . .     SeeInvis +   z - +1 great mace (freeze)
rCold    + + .     Gourm    .   K - +0 buckler {reflect}
rNeg     + . .     Faith    +   F - +7 Kryia's mail coat {PotionHeal*2 rC+ RMsl}
rPois    +         Spirit   .   (helmet unavailable)
rElec    +         Reflect  +   r - +1 cloak {MR+}
rCorr    .         Harm     .   N - +1 pair of gloves of Pleasant Breezes {+Inv rC+}
MR       ++...                  y - +1 pair of boots
Stlth    ..........             k - amulet of faith
HPRegen  0.32/turn              a - ring of insulation
MPRegen  0.21/turn              O - ring of positive energy

@: swift, flying, repel missiles, very quick
A: permanent stasis, dig shafts and tunnels, four strong arms, antennae 3,
flexible skeleton 1, frail 1, poison resistance
a: Dig, Shaft Self, Depart the Abyss, Bend Space, Banish, Renounce Religion,
Evoke Invisibility


You were on level 2 of the Shoals.
You worshipped Lugonu.
Lugonu was most pleased with you.
You were hungry.

You visited 7 branches of the dungeon, and saw 26 of its levels.
You visited the Abyss 1 time.
You also visited: Ice Cave.

You collected 2011 gold pieces.
You spent 247 gold pieces at shops.

Inventory:

Hand Weapons
 z - a +1 great mace of freezing (weapon)
Missiles
 c - 5 tomahawks of dispersal {=f}
 d - 7406 stones (quivered)
 h - 3 throwing nets {=f}
 i - 41 exploding tomahawks
 C - 404 poisoned tomahawks
 U - 345 javelins of penetration {=f}
Armour
 q - a +3 plate armour
 r - a +1 cloak of magic resistance (worn)
 x - a +0 large shield
 y - a +1 pair of boots (worn)
 F - the +7 Kryia's mail coat (worn) {PotionHeal*2 rC+ RMsl}
   (Lugonu gifted it to you on level 1 of the Lair of Beasts)

   It protects you from cold.
   It protects you from missiles.
 K - a +0 buckler of reflection (worn)
 N - the +1 pair of gloves of Pleasant Breezes (worn) {+Inv rC+}
   (You bought it in a shop on level 6 of the Dungeon)

   It protects you from cold.
   It lets you turn invisible.
 W - a scarf of resistance
 Z - a +1 plate armour of fire resistance
Jewellery
 a - a ring of insulation (left hand)
 k - an amulet of faith (around neck)
 t - an uncursed ring of resist corrosion
 M - a +5 amulet of reflection
 O - a ring of positive energy (right hand)
Wands
 l - a wand of polymorph (13)
 B - a wand of iceblast (17)
 Q - a wand of scattershot (2)
 R - a wand of random effects (8)
 X - a wand of digging (14)
 Y - a wand of acid (10)
Scrolls
 f - 2 scrolls of fog
 g - 5 scrolls of magic mapping
 j - 6 scrolls of immolation
 m - 3 scrolls of enchant weapon
 v - 9 scrolls of remove curse
 w - 6 scrolls of amnesia
 A - a scroll of enchant armour
 D - 2 scrolls of fear
 I - 6 scrolls of identify
 S - a scroll of vulnerability
Potions
 b - 2 potions of cancellation
 n - 5 potions of might
 o - 4 potions of agility
 p - a potion of magic
 s - 2 potions of resistance
 u - 4 potions of flight
 E - a potion of lignification
 G - 4 potions of mutation
 H - 3 potions of brilliance
 V - a potion of invisibility
Miscellaneous
 L - a sack of spiders
 P - a lamp of fire
 T - a phial of floods
Comestibles
 e - 28 rations {!d}


   Skills:
 + Level 16.1 Fighting
 + Level 17.1 Maces & Flails
 - Level 1.0 Throwing
 + Level 14.8 Armour
 - Level 0.8 Dodging
 + Level 13.0 Shields
 * Level 13.5 Invocations
 - Level 7.0 Evocations


You had 17 spell levels left.
You didn't know any spells.
Your spell library contained the following spells:

 Spells                   Type           Power        Failure   Level  Hunger
 Apportation              Tloc           #.....       19%         1    None
 Throw Frost              Conj/Ice       #.....       41%         2    ####...
 Beastly Appendage        Tmut           #.....       58%         1    None
 Freeze                   Ice            #.....       58%         1    None
 Infusion                 Chrm           #.......     58%         1    None
 Sandblast                Erth           #.....       58%         1    None
 Shock                    Conj/Air       #....        58%         1    None
 Slow                     Hex            #.......     58%         1    None
 Summon Butterflies       Summ           #.......     58%         1    None
 Passwall                 Tmut/Erth      #.......     75%         2    ####...
 Poisonous Vapours        Pois/Air       #.....       75%         2    ####...
 Sticks to Snakes         Tmut           #.......     75%         2    ####...
 Swiftness                Chrm/Air       #.......     75%         2    ####...
 Confuse                  Hex            #.......     92%         3    #####..
 Conjure Flame            Conj/Fire      #.......     92%         3    #####..
 Dazzling Orbs            Conj/Hex       #......      92%         3    #####..
 Mephitic Cloud           Conj/Pois/Air  #.......     92%         3    #####..
 Ozocubu's Armour         Chrm/Ice       #.......     92%         3    #####..
 Spider Form              Tmut/Pois      #..          92%         3    #####..
 Static Discharge         Air            #.......     92%         3    #####..
 Airstrike                Air            #.........   100%        4    ######.
 Fulminant Prism          Conj/Hex       #.........   100%        4    ######.
 Ice Form                 Ice/Tmut       #.......     100%        4    ######.
 Petrify                  Tmut/Erth      #.........   100%        4    ######.
 Summon Ice Beast         Ice/Summ       #.......     100%        4    ######.
 Throw Icicle             Conj/Ice       #.......     100%        4    ######.
 Yara's Violent Unravell  Hex/Tmut       #.........   100%        4    ######.
 Blade Hands              Tmut           #.........   100%        5    #######
 Iskenderun's Battlesphe  Conj/Chrm      #.......     100%        5    #######
 Lightning Bolt           Conj/Air       #.........   100%        5    #######
 Metabolic Englaciation   Hex/Ice        #.........   100%        5    #######
 Silence                  Hex/Air        #.........   100%        5    #######
 Summon Lightning Spire   Summ/Air       #.......     100%        5    #######
 Conjure Ball Lightning   Conj/Air       #.........   100%        6    #######
 Deflect Missiles         Chrm/Air       #.........   100%        6    #######
 Freezing Cloud           Ice/Air        #.........   100%        6    #######
 Iron Shot                Conj/Erth      #.........   100%        6    #######
 Poison Arrow             Conj/Pois      #.........   100%        6    #######
 Steam Barrier            Chrm/Fire      #.........   100%        6    #######
 Mana Rupture             Conj/Hex       #.........   100%        7    #######
 Orb of Destruction       Conj           #.........   100%        7    #######
 Spellforged Servitor     Conj/Summ      #.........   100%        7    #######
 Tornado                  Air            #.........   100%        9    #######


Dungeon Overview and Level Annotations

Branches:
Dungeon (12/12)            Temple (1/1) D:4            Lair (6/6) D:7
 Shoals (2/3) Lair:4       Spider (3/3) Lair:2        Slime (0/5) Lair:5
    Orc (1/1) D:9             Elf (1/3) Orc          Vaults (0/3) D:12
 Depths (0/5) D:12

Altars:
Ashenzari
Gozag
Hepliaklqana
Kikubaaqudgha
Lugonu
Makhleb
Nemelex Xobeh
Qazlal
Ru
Xom
Yredelemnul
Jiyva

Shops:
D:6 [%   D:8 !%(!   D:12 =   Orc %!([   Shoals:2 =

Annotations:
D:4 1 runed door
D:5 2 transporters
D:12 1 runed translucent door
Lair:6 2 runed doors
Spider:1 1 runed translucent door, SirMumm's ghost, adept GrWz
Spider:3 corrupted Orc 3 runed translucent doors, yrara's ghost, journeyman DsFi
Abyss:1 Agnes; Donald; Sonja


Innate Abilities, Weirdness & Mutations

You cannot be hasted, slowed, berserked, paralysed or teleported.
You can dig through walls and to a lower floor.
Your four strong arms can wield two-handed weapons with a shield.
You have a pair of large antennae on your head. (SInv)
Your skeleton is somewhat flexible. (Dex +3)
You are frail. (-10% HP)
Your system is resistant to poisons. (rPois)


Message History

The merfolk avatar chants its luring song.
You beat the merfolk avatar like a drum!!!
You freeze the merfolk avatar!
The merfolk avatar is almost dead.
The merfolk avatar chants its luring song.
The drowned soul touches you. The drowned soul drowns you!
* * * LOW HITPOINT WARNING * * *
You sock the merfolk avatar! You freeze the merfolk avatar.
You break out of your daze!
You kill the merfolk avatar!
Lugonu accepts your kill.
Your Shields skill increases to level 13!
The satyr seems to regain its courage.
The satyr shoots an arrow.
The arrow hits you.
* * * LOW HITPOINT WARNING * * *
Okay, then.
Unknown command.
Unknown command.
The satyr shoots an arrow.
The arrow hits you!!
You die...

≈≈≈≈≈≈...## #..≈
...<≈≈≈...##..≈≈≈.
#...≈≈≈≈≈.....≈≈≈..
#..≈≈≈≈≈≈≈..≈≈≈≈≈.H
..≈≈≈≈≈≈≈≈≈≈≈≈≈≈≈≈..
≈≈≈≈≈≈≈≈≈≈≈≈≈≈≈≈≈≈≈.
≈≈≈c≈≈≈≈≈≈≈≈≈≈≈≈≈≈≈.
(≈≈≈≈≈≈≈≈≈≈.≈≈≈≈≈≈..
.≈≈≈≈≈...@≈≈≈≈≈≈≈≈≈≈
..≈≈≈..)...†..≈≈≈≈≈≈
..≈≈≈......<#..≈≈≈≈≈
.≈≈≈≈.........^≈≈≈≈≈
.≈≈≈≈.........≈≈≈≈≈≈
≈≈≈∩≈≈........≈≈≈≈≈≈
≈≈≈≈≈≈..>.≈≈.!≈≈≈≈≈
≈≈≈≈≈≈≈≈≈≈≈≈≈≈≈≈≈≈≈
≈≈≈≈≈≈≈≈≈≈≈≈≈≈≈≈≈≈≈


You could see a satyr.

Vanquished Creatures
  Kirke (Lair:4)
  Louise (Shoals:1)
  2 ghost moths
  Nessos (Lair:5)
  A dire elephant (Lair:5)
  2 spark wasps
  3 entropy weavers
  2 merfolk impalers (Lair:4)
  6 hydras
  Erolcha (Orc)
  An alligator snapping turtle (Shoals:2)
  2 merfolk aquamancers
  2 centaur warriors
  A death knight (D:11)
  8 two-headed ogres
  2 merfolk avatars
  8 death yaks
  An ogre mage (D:10)
  2 sea snakes
  3 orc high priests (Orc)
  3 skeletal warriors (D:11)
  A wolf spider zombie (D:12)
  2 spectral wolf spiders (Spider:3)
  10 orc knights
  19 wolf spiders
  4 harpies (Shoals:1)
  A cyclops (D:12)
  6 orc sorcerers
  6 ugly things
  7 deep elf magi
  10 orb spiders
  5 manticores
  32 elephants
  4 fauns
  2 moths of wrath
  5 centaur zombies
  8 merfolk sirens
  5 black mambas
  3 ice statues (IceCv)
  20 cane toads
  2 torpor snails
  A spectral redback (Spider:3)
  A yaktaur (shapeshifter) (D:11)
  18 komodo dragons
  8 demonic crawlers
  7 rime drakes
  A redback zombie (Spider:3)
  An efreet (D:11)
  4 tyrant leeches
  4 trolls
  A queen bee (Spider:1)
  8 merfolk
  3 meliai (Spider:1)
  27 jumping spiders
  4 hornets
  4 polar bears
  Grinder (D:6)
  A harpy skeleton (D:12)
  Prince Ribbit (D:7)
  6 slime creatures (D:10)
  2 snapping turtles
  8 blink frogs
  8 dream sheep (Lair:6)
  14 hippogriffs
  A meliai zombie (D:11)
  A shadow (D:8)
  2 wraiths (D:12)
  55 redbacks
  7 water elementals
  20 tarantellas
  31 yaks
  A spriggan (Lair:5)
  7 wyverns
  4 hogs (Lair:4)
  10 basilisks
  8 vampire mosquitoes
  2 hungry ghosts (D:9)
  A steam dragon (Lair:4)
  3 wargs (Orc)
  An acid dragon (D:12)
  10 crocodiles
  A spectral hornet (Spider:3)
  10 water moccasins
  13 porcupines
  A sky beast (D:12)
  Duvessa (D:4)
  15 orc warriors
  5 black bears
  7 ogres
  An eye of draining (D:12)
  9 ice beasts
  2 necrophages
  2 phantoms
  3 wolves (D:7)
  A centaur (D:8)
  9 bullfrogs
  A big kobold (D:9)
  4 earth elementals
  Dowan (D:4)
  A scorpion (D:7)
  11 killer bees (Spider:1)
  6 wights
  A howler monkey (D:8)
  4 electric eels
  3 crimson imps
  A bullfrog zombie (D:8)
  4 hounds
  2 jellies
  2 bullfrog skeletons (D:6)
  A gnoll shaman (D:3)
  10 orc wizards
  A quasit (D:7)
  5 centaur skeletons
  11 orc priests
  4 iguanas
  Natasha (thrice) (D:3)
  9 worker ants
  A hound skeleton (D:7)
  A worker ant zombie (D:5)
  7 gnolls
  15 adders
  2 shadow imps
  An ooze (D:1)
  An adder zombie (D:9)
  2 worms
  4 leopard geckos
  49 orcs
  4 bats
  2 giant cockroaches
  3 hobgoblins
  11 jackals
  6 kobolds
  2 quokkas
  A ball python (D:4)
  3 frilled lizards (D:1)
  2 goblins (D:1)
  A quokka skeleton (D:4)
  6 rats
791 creatures vanquished.

Vanquished Creatures (collateral kills)
  A porcupine (Lair:1)
  A jumping spider (Spider:1)
  A hippogriff (Lair:3)
  2 redbacks (Spider:1)
  2 yaks (Lair:1)
7 creatures vanquished.

Vanquished Creatures (others)
  5 emperor scorpions
  2 spark wasps (Spider:3)
  The ghost of Faustar the Bludgeoner, a journeyman MiFi of the Shining One (Lair:3)
  3 hydras
  A death knight (D:11)
  An alligator (Lair:5)
  An orc knight (D:8)
  A phantasmal warrior (D:12)
  An orb spider (Spider:3)
  3 wolf spiders (Spider:3)
  A manticore (Shoals:1)
  A water nymph (Shoals:1)
  A redback zombie (Spider:3)
  A komodo dragon (Lair:5)
  A spectral jumping spider (Spider:3)
  A hornet (Spider:3)
  A jumping spider (Spider:3)
  A redback (Spider:1)
  2 tarantellas (Spider:3)
  A wyvern (Lair:5)
  A human (Shoals:1)
  A yak (Lair:1)
  A hornet zombie (Spider:3)
  An ogre (D:8)
  A centaur (D:9)
  An orc wizard (D:12)
  An orc (Orc)
  3 bushes
  102 fungi
  83 plants
  4 starspawn tentacles (Spider:3)
229 creatures vanquished.

Grand Total: 1027 creatures vanquished

Notes
Turn   | Place    | Note
-------+----------+-------------------------------------------
     0 | Abyss:1  | Faustar the Formicid Abyssal Knight began the quest for the
                  | Orb.
     0 | Abyss:1  | Reached XP level 1. HP: 18/18 MP: 2/2
     0 | D:1      | Escaped the Abyss
   103 | D:1      | Reached XP level 2. HP: 18/25 MP: 3/3
   702 | D:1      | Reached XP level 3. HP: 28/30 MP: 4/4
   995 | D:2      | Reached * piety under Lugonu
  1804 | D:2      | Reached skill level 3 in Maces & Flails
  2023 | D:3      | Reached XP level 4. HP: 32/37 MP: 5/5
  2321 | D:3      | Reached XP level 5. HP: 16/43 MP: 6/6
  2495 | D:3      | Noticed Natasha
  2503 | D:3      | Killed Natasha
  2503 | D:3      | Reached skill level 5 in Fighting
  2514 | D:3      | Reached skill level 4 in Maces & Flails
  2523 | D:3      | Noticed Natasha
  2535 | D:3      | Killed Natasha
  2829 | D:3      | Noticed Natasha
  2830 | D:3      | Found a basalt altar of Yredelemnul.
  2840 | D:3      | Killed Natasha
  2840 | D:3      | Reached XP level 6. HP: 15/51 MP: 7/7
  3574 | D:4      | Reached ** piety under Lugonu
  3769 | D:4      | Reached skill level 5 in Maces & Flails
  3769 | D:4      | Reached XP level 7. HP: 27/58 MP: 8/8
  3900 | D:4      | Found a staircase to the Ecumenical Temple.
  3924 | D:4      | Noticed Duvessa
  3924 | D:4      | Noticed Dowan
  3963 | D:4      | Killed Duvessa
  3967 | D:4      | Killed Dowan
  3971 | D:4      | Gained mutation: Your skeleton is somewhat flexible. (Dex
                  | +3) [potion of mutation]
  3971 | D:4      | Gained mutation: You are frail. (-10% HP) [potion of
                  | mutation]
  3971 | D:4      | Gained mutation: Your system is resistant to poisons.
                  | (rPois) [potion of mutation]
  4279 | D:4      | Found a runed door.
  4514 | D:4      | Reached skill level 6 in Maces & Flails
  4668 | Temple   | Entered the Ecumenical Temple
  4699 | D:5      | Entered Level 5 of the Dungeon
  4811 | D:5      | Found a transporter.
  4858 | D:5      | Reached XP level 8. HP: 60/60 MP: 9/9
  4875 | D:5      | Found an opulent altar of Gozag.
  5143 | D:5      | Found a transporter.
  5369 | D:5      | Found a corrupted altar of Lugonu.
  5402 | D:6      | Found Soxkece's Antique Armour Emporium.
  5599 | D:6      | Found Oniraimui's Food Shop.
  5762 | D:6      | Reached skill level 5 in Invocations
  5914 | D:6      | Reached skill level 7 in Maces & Flails
  6119 | D:6      | Noticed Grinder
  6129 | D:6      | Killed Grinder
  6129 | D:6      | Reached XP level 9. HP: 57/67 MP: 12/12
  6368 | D:7      | Found a stormy altar of Qazlal.
  6536 | D:7      | Reached skill level 8 in Maces & Flails
  6580 | D:7      | Reached *** piety under Lugonu
  7059 | D:7      | Reached skill level 10 in Fighting
  7059 | D:7      | Reached skill level 9 in Maces & Flails
  7201 | D:7      | Reached XP level 10. HP: 75/76 MP: 13/13
  7218 | D:7      | Found a burning altar of Makhleb.
  7315 | D:7      | Found a sparkling altar of Nemelex Xobeh.
  7479 | D:7      | Found a staircase to the Lair.
  7841 | D:7      | Noticed Prince Ribbit
  7847 | D:7      | Killed Prince Ribbit
  7847 | D:7      | Reached skill level 10 in Maces & Flails
  8424 | D:8      | Found a shattered altar of Ashenzari.
  8582 | D:8      | Found a hazy altar of Hepliaklqana.
  8604 | D:8      | Found a shimmering altar of Xom.
  8605 | D:8      | Found a sacrificial altar of Ru.
  8812 | D:8      | Found Bysetady's Distillery.
  8904 | D:6      | Bought a pair of ancient gloves for 247 gold pieces
  8914 | D:6      | Identified the +1 pair of gloves of Pleasant Breezes {+Inv
                  | rC+} (You bought it in a shop on level 6 of the Dungeon)
  8970 | D:8      | Found Veiq Bimm's Distillery.
  9136 | D:8      | Found Hiagalle's Food Boutique.
  9149 | D:8      | Found Cesm's Weapon Boutique.
  9232 | D:8      | Reached skill level 5 in Armour
  9502 | D:9      | Reached **** piety under Lugonu
  9514 | D:9      | Reached XP level 11. HP: 76/83 MP: 14/14
  9670 | D:9      | Noticed an orc knight
  9670 | D:9      | Noticed an orc knight
  9888 | Lair:1   | Entered Level 1 of the Lair of Beasts
  9939 | Lair:1   | Noticed Sonja
  9958 | Lair:1   | Reached skill level 11 in Maces & Flails
  9961 | Lair:1   | Banished Sonja
 10512 | Lair:1   | Received a gift from Lugonu
 10513 | Lair:1   | Found the +7 Kryia's mail coat {PotionHeal*2 rC+ RMsl}
 11446 | Lair:2   | Reached skill level 10 in Armour
 11507 | Lair:2   | Found a hole to the Spider Nest.
 11514 | Lair:2   | Reached skill level 12 in Maces & Flails
 11514 | Lair:2   | Reached XP level 12. HP: 88/90 MP: 15/15
 11980 | Lair:2   | Reached skill level 13 in Maces & Flails
 12663 | Lair:3   | Noticed Faustar's ghost (journeyman MiFi)
 12666 | Lair:3   | Found a runed translucent gate.
 12666 | Lair:3   | Found a runed translucent gate.
 12666 | Lair:3   | Found a runed translucent gate.
 13777 | Lair:4   | Found a staircase to the Shoals.
 13859 | Lair:4   | Reached XP level 13. HP: 69/95 MP: 18/18
 14199 | Lair:4   | Noticed a five-headed hydra
 14202 | Lair:4   | Banished a five-headed hydra
 15047 | Lair:4   | Reached skill level 14 in Maces & Flails
 15291 | Lair:5   | Found a viscous altar of Jiyva.
 15299 | Lair:5   | Found a staircase to the Slime Pits.
 15359 | Lair:5   | Noticed Nessos
 15376 | Lair:5   | Killed Nessos
 16541 | Lair:5   | HP: 2/98 [komodo dragon (11)]
 16756 | Lair:5   | Noticed a dire elephant
 16760 | Lair:5   | Banished a dire elephant
 16786 | Lair:5   | Reached XP level 14. HP: 82/104 MP: 6/20
 17171 | Lair:5   | Reached skill level 1 in Shields
 18012 | Lair:5   | Reached skill level 5 in Shields
 18121 | Lair:6   | Entered Level 6 of the Lair of Beasts
 18485 | Lair:3   | Banished Faustar's ghost
 18872 | Lair:6   | Noticed a dire elephant
 18891 | Lair:5   | Killed a dire elephant
 19129 | Lair:5   | Reached skill level 10 in Shields
 19457 | Lair:5   | Reached XP level 15. HP: 84/110 MP: 21/21
 19761 | Lair:6   | Reached skill level 15 in Maces & Flails
 19955 | Lair:6   | Reached skill level 10 in Invocations
 20665 | Lair:6   | Found a large runed door.
 20665 | Lair:6   | Found a large runed door.
 21498 | D:9      | Found a staircase to the Orcish Mines.
 21619 | D:9      | Received a gift from Lugonu
 21950 | Orc      | Entered the Orcish Mines
 21987 | Orc      | Found a runed translucent gate.
 21987 | Orc      | Found a runed translucent gate.
 21987 | Orc      | Found a runed translucent gate.
 21992 | Orc      | Noticed yrara's ghost (journeyman DsFi)
 22197 | D:9      | Received a gift from Lugonu
 22746 | Orc      | Noticed Erolcha
 22752 | Orc      | Killed Erolcha
 22806 | Orc      | Found a staircase to the Elven Halls.
 23649 | Orc      | Found Ufokoim's Food Shop.
 23649 | Orc      | Found Dafytov's Armour Shoppe.
 23657 | Orc      | Found Waoneupu's Distillery.
 23657 | Orc      | Found Hejyveih's Weapon Shoppe.
 23842 | Elf:1    | Entered Level 1 of the Elven Halls
 24121 | Elf:1    | Reached XP level 16. HP: 119/119 MP: 25/25
 24216 | D:10     | Entered Level 10 of the Dungeon
 24372 | D:10     | Got a scorched falchion
 24494 | D:10     | Reached skill level 16 in Maces & Flails
 24742 | D:11     | Found an ancient bone altar of Kikubaaqudgha.
 24797 | D:11     | Found a frozen archway.
 24831 | IceCv    | Entered an ice cave
 24885 | IceCv    | Got an ichor-stained ring mail
 24896 | IceCv    | Identified the cursed +0 ring mail of the Lily {+Fly rF-
                  | Dex-3 Slay+5} (You found it in an ice cave)
 25291 | D:11     | Received a gift from Lugonu
 25294 | D:11     | Got a pair of crude gloves {god gift}
 25305 | D:11     | Identified the -4 pair of gloves of Dramatic Exits {MR++}
                  | (Lugonu gifted it to you on level 11 of the Dungeon)
 25519 | D:11     | Reached skill level 15 in Fighting
 25669 | D:12     | Entered Level 12 of the Dungeon
 25684 | D:12     | Found a runed translucent door.
 25693 | D:12     | Found Emarr's Jewellery Shop.
 25771 | D:12     | Noticed Agnes
 25778 | D:12     | Banished Agnes
 25807 | D:12     | Found a gate to the Vaults.
 26095 | D:12     | Found a staircase to the Depths.
 26443 | D:12     | Noticed a fire giant
 26444 | D:12     | Banished a fire giant
 26825 | Shoals:1 | Entered Level 1 of the Shoals
 26877 | Shoals:1 | Noticed Donald
 26887 | Shoals:1 | Banished Donald
 27005 | Lair:4   | Reached XP level 17. HP: 95/127 MP: 26/26
 27333 | Spider:1 | Entered Level 1 of the Spider Nest
 28700 | Spider:1 | Found a runed translucent door.
 28701 | Spider:1 | Found a shimmering altar of Xom.
 28701 | Spider:1 | Noticed SirMumm's ghost (adept GrWz)
 29319 | Spider:2 | Reached skill level 1 in Evocations
 30244 | Spider:2 | Reached skill level 5 in Evocations
 31392 | Spider:3 | Entered Level 3 of the Spider Nest
 31880 | Spider:3 | Received a gift from Lugonu
 32273 | Spider:3 | Received a gift from Lugonu
 32496 | Spider:3 | Corrupted Spider:3
 32496 | Spider:3 | Noticed a tentacled starspawn
 32497 | Spider:3 | Noticed a tentacled starspawn
 32501 | Spider:3 | Noticed a bone dragon
 32787 | Spider:3 | Reached XP level 18. HP: 93/135 MP: 8/27
 33086 | Spider:3 | Reached skill level 17 in Maces & Flails
 34358 | Shoals:1 | Noticed Kirke
 34402 | Shoals:1 | Noticed Louise
 34412 | Lair:4   | Killed Kirke
 34776 | Shoals:1 | Killed Louise
 35292 | Shoals:2 | Found Tapowif's Jewellery Boutique.
 35350 | Shoals:2 | Shot with an arrow by a satyr

Skill      XL: |  1  2  3  4  5  6  7  8  9 10 11 12 13 14 15 16 17 18 |
---------------+-------------------------------------------------------+-----
Fighting       | 4 5 6 7 8 10 11 12 13 14 15 16 | 16.1
Maces & Flails | 3 4 5 6 7 9 10 12 13 14 15 16 17 | 17.1
Invocations    | 5 7 8 9 12 13 | 13.5
Armour         | 6 10 13 14 | 14.8
Shields        | 10 11 12 13 | 13.0
Evocations     | 7 |  7.0
Throwing       | |  1.0
Dodging        | |  0.8

Action                   |  1- 3 |  4- 6 |  7- 9 | 10-12 | 13-15 | 16-18 || total
-------------------------+-------+-------+-------+-------+-------+-------++-------
Melee: Mace              |    77 |       |       |       |       |       ||    77
       Flail             |    40 |   163 |    70 |       |       |       ||   273
       Whip              |       |       |   193 |   747 |   692 |       ||  1632
       Great mace        |       |       |       |       |   551 |  1095 ||  1646
Throw: Tomahawk          |       |       |       |     5 |       |       ||     5
Invok: Depart the Abyss  |     1 |       |       |       |       |       ||     1
       Banish            |       |       |       |     2 |    23 |    25 ||    50
       Bend Space        |       |       |       |     2 |     3 |     2 ||     7
       Corrupt           |       |       |       |       |       |     1 ||     1
 Abil: Evoke Invisibilit |       |       |       |       |     1 |       ||     1
       Dig               |       |       |       |       |       |     1 ||     1
Evoke: Wand              |       |       |     4 |    26 |     7 |    22 ||    59
       Phial of floods   |       |       |       |       |     1 |     1 ||     2
       Lamp of fire      |       |       |       |       |       |     1 ||     1
       Sack of spiders   |       |       |       |       |       |     1 ||     1
  Use: Scroll            |       |     1 |    12 |     1 |     6 |     9 ||    29
       Potion            |       |       |     5 |     6 |       |    12 ||    23
 Stab: Paralysed         |       |       |       |     2 |    11 |       ||    13
       Invisible         |       |       |       |       |     4 |     3 ||     7
       Distracted        |       |       |       |       |       |     1 ||     1
       Held in net/web   |       |       |       |       |       |     2 ||     2
  Eat: Chunk             |     6 |    12 |    16 |    25 |    62 |    48 ||   169
       Ration            |       |       |       |     2 |       |     6 ||     8
Armor: Leather armour    |     4 |       |       |       |       |       ||     4
       Scale mail        |    60 |    74 |       |    93 |   728 |  1008 ||  1963
       Chain mail        |       |    28 |   129 |       |       |       ||   157
       Plate armour      |       |       |    11 |   182 |       |       ||   193
       Skin              |       |       |       |    17 |       |       ||    17
Dodge: Dodged            |    62 |   108 |    63 |   154 |   430 |   687 ||  1504
       Deflected         |       |       |       |     4 |     6 |    28 ||    38
Block: Other             |       |       |    25 |    78 |    83 |       ||   186
       Reflection        |       |       |       |     2 |     6 |    28 ||    36
       Buckler           |       |       |       |       |   491 |   970 ||  1461
